 Dungeon Crawl Stone Soup version 0.23.2-1-ga50397a6bc (webtiles) character file.

Game seed: 6036058437551465600

82 Brecoman the Stinger (level 4, 0/38 HPs)
             Began as a Naga Venom Mage on May 31, 2019.
             Slain by a gnoll
             ... wielding a +0 halberd
              (9 damage)
             ... on level 2 of the Dungeon.
             The game lasted 00:09:02 (1712 turns).

Brecoman the Stinger (Naga Venom Mage)              Turns: 1712, Time: 00:09:03

Health: 0/38       AC:  2    Str: 11    XL:     4   Next: 43%
Magic:  1/7        EV: 10    Int: 16    God:
Gold:   23         SH:  0    Dex: 11    Spells: 5/8 levels left

rFire    . . .     SeeInvis +   g - +1 dagger (protect)
rCold    . . .     Gourm    .   (no shield)
rNeg     . . .     Faith    .   a - +0 robe
rPois    +         Spirit   .   (no helmet)
rElec    .         Reflect  .   (no cloak)
rCorr    .         Harm     .   (no gloves)
MR       .....                  (no barding)
Stlth    ++........             (no amulet)
HPRegen  0.12/turn              (no ring)
MPRegen  0.10/turn              (no ring)

@: very slow
A: large, see invisible, deformed body, poison resistance, slowness 2, slow
metabolism 1, spit poison 1, AC +1
a: Spit Poison


You were on level 2 of the Dungeon.
You were not hungry.

You visited 1 branch of the dungeon, and saw 2 of its levels.

You collected 23 gold pieces.

Inventory:

Hand Weapons
 e - a +0 club
 g - a +1 dagger of protection (weapon)
Missiles
 f - 32 stones (quivered)
Armour
 a - a +0 robe (worn)
 h - a +2 hat
Jewellery
 b - a cursed ring of attention {unknown}
 i - an uncursed ring of flight {unknown}
Scrolls
 d - a scroll of remove curse {unknown}
 j - a scroll of identify {unknown}
Comestibles
 c - 3 rations


   Skills:
 + Level 1.5 Fighting
 - Level 1.5 Dodging
 + Level 4.2 Stealth
 + Level 2.5 Spellcasting
 - Level 1.0 Conjurations
 + Level 1.1 Air Magic
 + Level 4.7 Poison Magic


You had 5 spell levels left.
You knew the following spells:

 Your Spells              Type           Power        Failure   Level  Hunger
a - Sting                 Conj/Pois      ##..         6%          1    #......
b - Poisonous Vapours     Pois/Air       ##....       9%          2    ##.....

Your spell library contained the following spells:

 Spells                   Type           Power        Failure   Level  Hunger
 Mephitic Cloud           Conj/Pois/Air  #.......     22%         3    ###....
 Olgreb's Toxic Radiance  Pois           ###.....     28%         4    #####..
 Venom Bolt               Conj/Pois      ##........   86%         5    ######.


Dungeon Overview and Level Annotations

Branches:
Dungeon (2/15)

Altars:


Innate Abilities, Weirdness & Mutations

You cannot wear boots.
Your serpentine skin is tough. (AC +1)
You have supernaturally acute eyesight. (SInv)
Armour fits poorly on your strangely shaped body.
Your system is resistant to poisons. (rPois)
You cover ground very slowly.
You have a slow metabolism.
You can spit poison.


Message History

The gnoll is lightly wounded.
The gnoll barely misses you.
The gnoll hits you from afar with a cursed +0 halberd!
* * * LOW HITPOINT WARNING * * *
The gnoll looks more healthy.
Casting: Sting (safe; 6% risk of failure)
Confirm with . or Enter, or press ? or * to list all spells.
Aiming: Sting (safe; 6% risk of failure)
Press: ? - help, Shift-Dir - straight line, f/p - gnoll
Aim: a gnoll, wielding a +0 halberd (severely wounded)
The sting hits the gnoll.
The gnoll is poisoned.
You kill the gnoll!
The rat bites you.
* * * LOW HITPOINT WARNING * * *
The rat bites you.
* * * LOW HITPOINT WARNING * * *
There is a stone staircase leading up here.
The rat bites you but does no damage.
The gnoll hits you from afar with a +0 halberd!
You die...

######### #......@#
#.#####r# ##### .#
#.#####g##### ##...##..
............# ##.....#.#
#.##.##.###.###........#
.. ...# #.##..........
#....#### #g...........#
#.## ####.........# .
########)......##


You could see a gnoll and a rat.

Vanquished Creatures
  3 gnolls (D:2)
  An adder (D:2)
  2 oozes (D:1)
  A worm (D:2)
  A leopard gecko (D:1)
  A giant cockroach (D:1)
  6 goblins (D:1)
  8 hobgoblins (D:1)
  A kobold (D:1)
  3 bats
  5 rats
32 creatures vanquished.

Notes
Turn   | Place    | Note
-------+----------+-------------------------------------------
     0 | D:1      | Brecoman the Naga Venom Mage began the quest for the Orb.
     0 | D:1      | Reached XP level 1. HP: 15/15 MP: 3/3
   553 | D:1      | Reached XP level 2. HP: 24/24 MP: 5/5
   786 | D:1      | Learned a level 2 spell: Poisonous Vapours
   985 | D:1      | Reached skill level 1 in Fighting
  1023 | D:1      | Reached XP level 3. HP: 31/31 MP: 3/6
  1689 | D:2      | Reached skill level 1 in Air Magic
  1689 | D:2      | Reached XP level 4. HP: 38/38 MP: 0/7
  1712 | D:2      | Slain by a gnoll

Skill      XL: |  1  2  3 |
---------------+----------+-----
Fighting       | 1 |  1.5
Stealth        | 4 |  4.2
Air Magic      | 1 |  1.1
Dodging        | |  1.5
Spellcasting   | |  2.5
Conjurations   | |  1.0
Poison Magic   | |  4.7

Action                   |  1- 3 |  4- 6 || total
-------------------------+-------+-------++-------
Melee: Club              |     4 |       ||     4
       Unarmed           |     2 |       ||     2
       Dagger            |    38 |       ||    38
Throw: Stone             |     3 |       ||     3
 Cast: Sting             |    54 |     2 ||    56
 Abil: Spit Poison       |     1 |       ||     1
 Stab: Sleeping          |     1 |       ||     1
  Eat: Chunk             |     2 |       ||     2
Armor: Robe              |     9 |     1 ||    10
Dodge: Dodged            |    22 |     1 ||    23
